 Dungeon Crawl Stone Soup version 0.30-a0-534-gdc55766716 (webtiles) character file.

Game seed: 18160634756748827449

45 Jase the Chopper (level 3, -3/33 HPs)
             Began as a Hill Orc Monk on Dec 25, 2022.
             Slain by Natasha (7 damage)
             ... on level 3 of the Dungeon.
             The game lasted 00:02:46 (2147 turns).

Jase the Chopper (Hill Orc Monk)                    Turns: 2147, Time: 00:02:47

Health: -3/33      AC:  9    Str: 15    XL:     3   Next: 64%
Magic:  3/3        EV:  7    Int: 10    God:
Gold:   187        SH:  0    Dex: 13    Spells: 2/2 levels left

rFire   . . .      SeeInvis .    a - +0 war axe
rCold   . . .      Faith    .    (no shield)
rNeg    + . .      Spirit   .    o - +0 chain mail
rPois   +          Reflect  .    (no helmet)
rElec   .          Harm     .    (no cloak)
rCorr   .          Rampage  .    (no gloves)
Will    .....                    p - +0 pair of boots Stlth
                                 (no amulet)
HPRegen 0.25/turn                h - ring of poison resistance
MPRegen 0.08/turn                i - ring of positive energy

@: slowed, very slow
A: no striking features
a: no special abilities


You were on level 3 of the Dungeon.
You visited 1 branch of the dungeon, and saw 3 of its levels.

You collected 187 gold pieces.

Inventory:

Hand Weapons
 a - a +0 war axe (weapon)
 b - a +0 battleaxe
Missiles
 e - 30 stones (quivered)
 s - 11 poisoned darts
Armour
 o - a +0 chain mail (worn)
 p - a +0 pair of boots (worn)
Jewellery
 h - a ring of poison resistance (left hand)
 i - a ring of positive energy (right hand)
 v - an amulet of reflection
Wands
 u - a wand of charming (8)
Scrolls
 d - 3 scrolls of identify {unknown}
 f - a scroll of noise {unknown}
 k - 2 scrolls of torment {unknown}
 n - 2 scrolls of teleportation {unknown}
 q - a scroll of magic mapping {unknown}
Potions
 c - 2 potions of ambrosia
 g - 2 potions of curing {unknown}
 j - a potion of berserk rage {unknown}
 l - 2 potions of magic {unknown}
 m - a potion of flight {unknown}
 r - a potion of mutation {unknown}
 t - 2 potions of heal wounds {unknown}


   Skills:
 + Level 4.1 Fighting
 + Level 4.6 Axes
 + Level 0.8 Armour
 + Level 2.8 Dodging
 - Level 2.0 Stealth


You had 2 spell levels left.
You didn't know any spells.
Your spell library was empty.

Dungeon Overview and Level Annotations

Branches:
Dungeon (3/15)

Altars:
Sif Muna

Annotations:
D:3 Natasha


Message History

Natasha is lightly wounded.
Natasha claws you.
You hit Natasha.
Natasha is moderately wounded.
Natasha claws you. x2
You hit Natasha but do no damage.
Natasha is moderately wounded.
Natasha stares at you and mumbles some strange words.
The magic dart hits you!
You are too injured to fight recklessly!
You are too injured to fight recklessly!
You are too injured to fight recklessly!
You closely miss Natasha.
Natasha is moderately wounded.
Natasha claws you.
* * * LOW HITPOINT WARNING * * *
You hit Natasha.
Natasha is severely wounded.
Natasha barely misses you.
You hit Natasha.
Natasha is severely wounded.
Natasha casts a spell at you. The magic dart hits you.
* * * LOW HITPOINT WARNING * * *
Natasha casts a spell at you.
You feel yourself slow down.
You hit Natasha but do no damage.
Natasha is severely wounded.
Natasha howls an incantation.
Natasha's front paws start to glow.
Natasha claws you.
* * * LOW HITPOINT WARNING * * *
Natasha howls an incantation.
Natasha glows brightly for a moment.
Natasha stares at you and mumbles some strange words.
You feel as though you will be slow longer.
You closely miss Natasha.
Natasha is severely wounded.
Natasha claws you!
You die...

########.# #.#
#.# #.# #.#
#.# #.#
############.#
#.....@h......
#.#######....#
#.# ... #.# .
#.# #. #.# #.
#.# #. #.# .##
#.#


You could see Natasha.

Vanquished Creatures
  2 dart slugs (D:2)
  3 endoplasms
  4 giant cockroaches
  4 goblins
  7 hobgoblins
  2 kobolds (D:2)
  3 quokkas
  2 ball pythons (D:1)
  4 bats
  3 frilled lizards
  2 rats
36 creatures vanquished.

Notes
Turn   | Place    | Note
-------+----------+-------------------------------------------
     0 | D:1      | Jase the Hill Orc Monk began the quest for the Orb.
     0 | D:1      | Reached XP level 1. HP: 19/19 MP: 1/1
   326 | D:1      | Reached XP level 2. HP: 27/27 MP: 2/2
   639 | D:1      | Reached XP level 3. HP: 32/33 MP: 3/3
  1810 | D:3      | Found a shimmering blue altar of Sif Muna.
  2137 | D:3      | Noticed Natasha
  2147 | D:3      | Slain by Natasha

Illustrated notes

Levels and vault maps discovered:
D:1:      dpeg_arrival_arbitrary_a, layout_basic, st_stairs_14
D:2:      layout_basic, solitary_fountain, bh_walls_and_bars
D:3:      layout_loops_corners, nicolae_sif_muna_condensation,
          worldfamousw_hep_ancestral_shrine, uniq_natasha

Skill      XL: |  1  2 |
---------------+-------+-----
Stealth        | 2 |  2.0
Fighting       | 4 |  4.1
Axes           | |  4.6
Armour         | |  0.8
Dodging        | |  2.8

Action                   || total
-------------------------++-------
Melee: War axe           ||    91
       Hand axe          ||     3
       Punch             ||     3
Armor: Robe              ||     9
       Chain mail        ||    15
Dodge: Dodged            ||    51

Table legend: (Time is in decaauts)
 A = Elapsed time spent in this place.
 B = Non-inter-level travel time spent in this place.
 C = Inter-level travel time spent in this place.
 D = Time resting spent in this place.
 E = Time spent auto-exploring this place.
 F = Levels seen in this place.
 G = Mean time per level.
                   A        B        C        D        E       F      G
               +--------+--------+--------+--------+--------+-----+--------+
         Total |   2171 |   2088 |     83 |      0 |   1775 |   3 |  723.7 |
       Dungeon |   2171 |   2088 |     83 |      0 |   1775 |   3 |  723.7 |
               +--------+--------+--------+--------+--------+-----+--------+

Top non-repeatable levels by time:
     D:1: 971 daAuts
     D:2: 757 daAuts
     D:3: 441 daAuts
